 Dungeon Crawl Stone Soup version 0.17.1-3-g152610e (webtiles) character file.

67 Zhenya25pyc the Sneak (level 4, -1/23 HPs)
             Began as a Vine Stalker Assassin on Apr 7, 2016.
             Slain by Zhenya25pyc's ghost (11 damage)
             ... on level 3 of the Dungeon.
             The game lasted 00:06:23 (1570 turns).

Zhenya25pyc the Sneak (Vine Stalker Assassin)       Turns: 1570, Time: 00:06:23

Health: -1/23      AC:  3    Str: 13    XL:     4   Next: 18%
Magic:  0/5        EV: 11    Int: 11    God:
Gold:   63         SH:  0    Dex: 17    Spells: 0 memorised, 3 levels left

rFire  . . .     SeeInvis .     a - +2 dagger
rCold  . . .     Clarity  .     j - +0 robe
rNeg   . . .     SustAt   .     (no shield)
rPois  .         Gourm    .     (no helmet)
rElec  .         Spirit   +     d - +0 cloak
rCorr  .         Warding  .     (no gloves)
rMut   .         Stasis   .     (no boots)
MR     .....                    (no amulet)
Stlth  +++.......               (no ring)
                                l - +2 ring of slaying

@: not resistant to hostile enchantments, fairly stealthy
A: fangs 2, regeneration 1, magic shield, antimagic bite, no device heal 3, rot
immunity
a: no special abilities


You were on level 3 of the Dungeon.
You were very hungry.

You visited 1 branch of the dungeon, and saw 3 of its levels.

You collected 63 gold pieces.

Inventory:

Hand Weapons
 a - a +2 dagger (weapon)
 o - a +2 mace of protection
Missiles
 e - 41 poisoned needles (quivered)
 f - 2 curare-tipped needles
Armour
 d - a +0 cloak (worn)
 j - a +0 robe (worn)
Jewellery
 l - a +2 ring of slaying (left hand)
Scrolls
 c - a scroll of identify {unknown}
 h - a scroll of teleportation {unknown}
 m - 2 scrolls of remove curse {unknown}
 p - a scroll of random uselessness {unknown}
 q - a scroll of fear {unknown}
 s - a scroll of magic mapping {unknown}
Potions
 b - a potion of ambrosia {unknown}
 i - 2 potions of degeneration {unknown}
 n - 2 potions of magic {unknown}
 t - a potion of curing {unknown}
Comestibles
 g - a bread ration
 k - 4 fruits
 r - 2 meat rations


   Skills:
 + Level 2.1 Fighting
 + Level 2.3 Short Blades
 + Level 2.4 Throwing
 - Level 0.7 Dodging
 * Level 5.8 Stealth


You had 3 spell levels left.
You didn't know any spells.

Dungeon Overview and Level Annotations

Branches:
Dungeon (3/15)

Altars:
Cheibriados
Ru
Trog
Zin

Annotations:
D:3 Zhenya25pyc's ghost, amateur HOFi


Innate Abilities, Weirdness & Mutations

You have extremely sharp teeth.
Your natural rate of healing is unusually fast.
When hurt, damage is shared between your health and your magic reserves.
Your bite disrupts and absorbs the magic of your enemies.
Potions and wands cannot restore your health.
You are immune to rotting.


Message History

You barely miss Zhenya25pyc's ghost.
Zhenya25pyc's ghost hits you but does no damage.
You closely miss Zhenya25pyc's ghost. You bite Zhenya25pyc's ghost.
You drain its power.
Zhenya25pyc's ghost is lightly damaged.
Zhenya25pyc's ghost hits you but does no damage.
You hit Zhenya25pyc's ghost. You bite Zhenya25pyc's ghost. You drain its power.
Zhenya25pyc's ghost is lightly damaged.
Zhenya25pyc's ghost takes a fighting stance.
Zhenya25pyc's ghost closely misses you.
You hit Zhenya25pyc's ghost but do no damage.
Zhenya25pyc's ghost is lightly damaged.
Zhenya25pyc's ghost hits you!
You hit Zhenya25pyc's ghost but do no damage.
Zhenya25pyc's ghost is lightly damaged.
Zhenya25pyc's ghost hits you!
You hit Zhenya25pyc's ghost.
Zhenya25pyc's ghost is lightly damaged.
Zhenya25pyc's ghost hits you!
You die...

### ## #..
... #.#
..#
###.##...#
#........#
#.#.#.#..#
#...@<..[#
###W#....#
#...#.##
###+###


You could see Zhenya25pyc's ghost.

Vanquished Creatures
  2 adders (D:2)
  A worm (D:2)
  2 giant geckos (D:1)
  A ball python (D:1)
  10 bats
  2 giant cockroaches (D:1)
  9 goblins
  4 hobgoblins
  4 giant newts
  7 kobolds
  6 rats
48 creatures vanquished.

Notes
Turn   | Place    | Note
--------------------------------------------------------------
     0 | D:1      | Zhenya25pyc the Vine Stalker Assassin began the quest for the Orb.
     0 | D:1      | Reached XP level 1. HP: 11/11 MP: 2/2
    72 | D:1      | Reached skill level 5 in Stealth
   137 | D:1      | Reached XP level 2. HP: 15/15 MP: 3/3
   435 | D:1      | Reached XP level 3. HP: 18/18 MP: 2/4
   783 | D:2      | Found a bloodstained altar of Trog.
   993 | D:2      | Reached XP level 4. HP: 8/23 MP: 3/5
  1373 | D:2      | Found a snail-covered altar of Cheibriados.
  1377 | D:2      | Found a glowing silver altar of Zin.
  1380 | D:2      | Found a sacrificial altar of Ru.
  1563 | D:3      | Noticed Zhenya25pyc's ghost (amateur HOFi)
  1570 | D:3      | Slain by Zhenya25pyc's ghost

Action                   |  1- 3 |  4- 6 || total
-------------------------+-------+-------++-------
Melee: Dagger            |    89 |    21 ||   110
 Stab: Sleeping          |    16 |     2 ||    18
  Eat: Chunk             |       |     1 ||     1
